 Dungeon Crawl Stone Soup version 0.24.0-29-g8ce449bc06 (webtiles) character file.

Game seed: 15347833945437521323, levelgen mode: deterministic

2884 H0rd4k the Thaumaturge (level 9, -15/45 HPs)
             Began as a Deep Elf Wizard on Nov 15, 2019.
             Demolished by a death yak (27 damage)
             ... on level 8 of the Dungeon.
             The game lasted 00:21:01 (7359 turns).

H0rd4k the Thaumaturge (Deep Elf Wizard)            Turns: 7359, Time: 00:21:02

Health: -15/45     AC:  5    Str:  9    XL:     9   Next: 48%
Magic:  13/36      EV: 13    Int: 27    God:
Gold:   369        SH:  0    Dex: 13    Spells: 15/32 levels left

rFire    . . .     SeeInvis +   (no weapon)
rCold    . . .     Gourm    .   (no shield)
rNeg     . . .     Faith    .   C - +0 leather armour of Elyvilon's Favour {MP+9 Str+2 SInv}
rPois    .         Spirit   .   b - +0 hat
rElec    .         Reflect  .   (no cloak)
rCorr    .         Harm     .   v - +1 pair of gloves {Str+3}
MR       .....                  (no boots)
Stlth    ++........             (no amulet)
HPRegen  0.15/turn              e - ring of see invisible
MPRegen  0.25/turn              (no ring)

@: very slightly contaminated
A: no striking features
a: no special abilities


You were on level 8 of the Dungeon.
You were hungry.

You visited 1 branch of the dungeon, and saw 8 of its levels.

You collected 369 gold pieces.

Inventory:

Hand Weapons
 r - a +2 dagger of venom
Missiles
 p - 22 poisoned darts (quivered)
Armour
 a - a +0 robe
 b - a +0 hat (worn)
 v - a +1 pair of gloves of strength (worn)
 C - the +0 leather armour of Elyvilon's Favour (worn) {MP+9 Str+2 SInv}
   (You found it on level 7 of the Dungeon)

   It affects your strength (+2).
   It affects your magic capacity (+9).
   It lets you see invisible.
Jewellery
 e - a ring of see invisible (left hand)
Wands
 n - a wand of iceblast (5)
 s - a wand of disintegration (12)
 t - a wand of polymorph (6)
 x - a wand of paralysis (15)
Scrolls
 c - 2 scrolls of enchant armour {unknown}
 g - 11 scrolls of identify {unknown}
 h - a scroll of fear {unknown}
 i - 6 scrolls of remove curse {unknown}
 j - a scroll of fog {unknown}
 k - a scroll of noise {unknown}
 m - 6 scrolls of teleportation {unknown}
 q - 4 scrolls of magic mapping {unknown}
 w - a scroll of enchant weapon {unknown}
 y - a scroll of blinking {unknown}
 D - a scroll of immolation {unknown}
Potions
 f - 2 potions of haste {unknown}
 l - 4 potions of curing {unknown}
 o - 2 potions of invisibility {unknown}
 u - 3 potions of degeneration {unknown}
 z - a potion of heal wounds {unknown}
 A - a potion of might {unknown}
Comestibles
 d - 7 rations


   Skills:
 + Level 0.2 Fighting
 + Level 4.1 Dodging
 + Level 4.1 Stealth
 + Level 12.0 Spellcasting
 + Level 9.6 Conjurations
   Level 1.1 Summonings
 + Level 1.1 Translocations
 + Level 0.5 Fire Magic
 + Level 1.0 Evocations


You had 15 spell levels left.
You knew the following spells:

 Your Spells              Type           Power        Failure   Level  Hunger
a - Magic Dart            Conj           ####         1%          1    None
b - Blink                 Tloc           N/A          4%          2    None
c - Conjure Flame         Conj/Fire      #####...     1%          3    None
d - Mephitic Cloud        Conj/Pois/Air  ####....     3%          3    None
e - Force Lance           Conj/Tloc      #####...     5%          4    None
f - Fulminant Prism       Conj/Hex       #####.....   7%          4    None

Your spell library contained the following spells:

 Spells                   Type           Power        Failure   Level  Hunger
 Searing Ray              Conj           ######       1%          2    None
 Dazzling Spray           Conj/Hex       #####.       1%          3    None
 Iskenderun's Mystic Bla  Conj           ######..     1%          4    None
 Animate Skeleton         Necr           N/A          4%          1    None
 Pain                     Necr           ###.         4%          1    None
 Call Imp                 Summ           ###.....     4%          2    None
 Slow                     Hex            ###.....     8%          2    None
 Regeneration             Chrm/Necr      ###.......   14%         3    None
 Vampiric Draining        Necr           ###.......   14%         3    None
 Animate Dead             Necr           N/A          43%         4    None


Dungeon Overview and Level Annotations

Branches:
Dungeon (8/15)             Temple (0/1) D:5
   Lair: D:8-11

Altars:
Fedhas
Okawaru
The Shining One

Shops:
D:5 }

Annotations:
D:3 exclusion: upstairs
D:4 2 transporters
D:6 2 transporters, Edmund
D:7 exclusions: downstairs and upstairs
D:8 Psyche


Message History

You don't know that spell.
Evoke which item? (* to show all) (? for menu, Esc to quit)
Aiming: Iceblast
Press: ? - help, Shift-Dir - straight line, p - death yak
Okay, then.
The death yak is engulfed in blazing flames.
Casting: Force Lance (safe; 5% risk of failure)
Confirm with . or Enter, or press ? or * to list all spells.
Aiming: Force Lance (safe; 5% risk of failure)
Press: ? - help, Shift-Dir - straight line, f/p - death yak
Aim: a death yak (severely wounded)
You miscast Force Lance.
You are very lightly contaminated with residual magic.
You are caught in a localised field of spatial distortion.
* * * LOW HITPOINT WARNING * * *
The death yak barely misses you.
There is a stone staircase leading up here.
The death yak gores you!!
Ouch! That really hurt!
You die... #.Y.# #Yr.. #Yo.##ooroO.

#.#(Y.c#
#.#.####
#.#.#
#.#.#
#c#.#
#Y#.#
#@#.#
###.#


You could see 2 death yaks, a centaur and an orc.

Vanquished Creatures
  Sigmund (D:2)
  A spriggan (D:7)
  Menkaure (D:4)
  An orc warrior (D:6)
  3 phantoms (D:7)
  A black bear (D:7)
  3 ogres
  A centaur (D:7)
  3 bullfrogs
  A scorpion (D:6)
  6 killer bees (D:7)
  3 wights (D:6)
  A howler monkey (D:7)
  4 crimson imps
  3 hounds
  2 orc priests
  3 jellies
  Jessica (D:3)
  Natasha (thrice) (D:2)
  2 iguanas
  5 orc wizards
  4 worker ants
  A worker ant zombie (D:7)
  Robin (D:2)
  7 adders
  A shadow imp (D:7)
  2 oozes
  An adder skeleton (D:4)
  4 worms
  2 dart slugs
  A leopard gecko (D:3)
  23 orcs
  12 bats
  2 giant cockroaches
  18 goblins
  10 hobgoblins
  10 jackals
  2 quokkas (D:4)
  A ball python (D:4)
  5 frilled lizards
  A giant cockroach zombie (D:6)
  8 kobolds
  A leopard gecko zombie (D:8)
  2 quokka skeletons (D:4)
  A quokka zombie (D:5)
  13 rats
182 creatures vanquished.

Vanquished Creatures (others)
  3 fulminant prisms
3 creatures vanquished.

Grand Total: 185 creatures vanquished

Notes
Turn   | Place    | Note
-------+----------+-------------------------------------------
     0 | D:1      | H0rd4k the Deep Elf Wizard began the quest for the Orb.
     0 | D:1      | Reached XP level 1. HP: 10/10 MP: 7/7
   205 | D:1      | Reached XP level 2. HP: 15/15 MP: 2/9
   287 | D:1      | Reached skill level 5 in Spellcasting
   853 | D:2      | Reached XP level 3. HP: 19/19 MP: 9/11
   883 | D:2      | Learned a level 2 spell: Blink
   887 | D:2      | Learned a level 3 spell: Conjure Flame
   891 | D:2      | Learned a level 3 spell: Mephitic Cloud
  1001 | D:2      | Noticed Sigmund
  1152 | D:3      | Reached XP level 4. HP: 21/24 MP: 1/13
  1421 | D:2      | Killed Sigmund
  1421 | D:2      | Reached skill level 7 in Spellcasting
  1421 | D:2      | Reached XP level 5. HP: 28/28 MP: 8/16
  1595 | D:2      | Reached XP level 6. HP: 31/32 MP: 15/18
  1784 | D:2      | Noticed Robin
  1787 | D:2      | Killed Robin
  1893 | D:2      | Noticed Natasha
  1896 | D:2      | Killed Natasha
  2154 | D:2      | Noticed Natasha
  2160 | D:2      | Killed Natasha
  3075 | D:3      | Noticed Jessica
  3077 | D:3      | Killed Jessica
  3077 | D:3      | Reached skill level 8 in Spellcasting
  3348 | D:2      | Noticed Natasha
  3355 | D:2      | Killed Natasha
  3383 | D:4      | Found an iron altar of Okawaru.
  3480 | D:4      | Reached XP level 7. HP: 20/36 MP: 3/20
  3685 | D:4      | Noticed Menkaure
  3697 | D:4      | Killed Menkaure
  3697 | D:4      | Reached skill level 9 in Spellcasting
  3697 | D:4      | Reached skill level 5 in Conjurations
  3961 | D:4      | Found a blossoming altar of Fedhas.
  3973 | D:4      | Found a transporter.
  4133 | D:4      | Found a glowing golden altar of the Shining One.
  4226 | D:4      | Found a transporter.
  4351 | D:5      | Entered Level 5 of the Dungeon
  4623 | D:5      | Found Fouplat's Gadget Boutique.
  4807 | D:5      | Found a staircase to the Ecumenical Temple.
  4943 | D:6      | Reached XP level 8. HP: 41/41 MP: 10/23
  5449 | D:6      | Reached skill level 10 in Spellcasting
  5558 | D:6      | Found a transporter.
  5566 | D:6      | Found a transporter.
  6160 | D:6      | Noticed Edmund
  6376 | D:7      | Reached skill level 11 in Spellcasting
  6376 | D:7      | Reached XP level 9. HP: 39/45 MP: 15/26
  6715 | D:7      | Got a spiked leather armour
  6726 | D:7      | Identified the +0 leather armour of Elyvilon's Favour {MP+9
                  | Str+2 SInv} (You found it on level 7 of the Dungeon)
  6760 | D:7      | Learned a level 4 spell: Force Lance
  6765 | D:7      | Learned a level 4 spell: Fulminant Prism
  7057 | D:7      | Reached skill level 1 in Evocations
  7205 | D:7      | Reached skill level 12 in Spellcasting
  7304 | D:8      | Noticed Psyche
  7339 | D:8      | Noticed a death yak
  7341 | D:8      | Noticed a death yak
  7344 | D:8      | Noticed a death yak
  7359 | D:8      | Demolished by a death yak

Levels and vault maps discovered:
D:1:      dpeg_arrival_short_road, layout_loops_ring
D:2:      layout_basic, first_ration, serial_bayou_lake_a, uniq_sigmund,
          uniq_robin, uniq_natasha
D:3:      layout_loops_cross, uniq_jessica
D:4:      layout_rooms, tso_altar, lemuel_round_altar,
          gammafunk_ghost_gnarly_gnolls, fedhas_altar_1, uniq_menkaure
D:5:      layout_basic, minmay_temple_entry_proselytizer, serial_shops, shop
D:6:      layout_loops_ring, gammafunk_ghost_mausoleum,
          kennysheep_cluttered_room, uniq_edmund
D:7:      layout_basic, st_stairs_14, kennysheep_cross_bottleneck, the_bakery,
          minmay_misc_feat_nine_boxes
D:8:      wander_river, layout_basic, minitemple, dpeg_lair_monsters,
          ebering_ghost_disaster_area, minmay_manual_monolith, uniq_psyche

Skill      XL: |  1  2  3  4  5  6  7  8  9 |
---------------+----------------------------+-----
Spellcasting   | 5 7 8 9 11 12 | 12.0
Dodging        | 3 4 |  4.1
Conjurations   | 3 4 6 8 9 |  9.6
Stealth        | 3 4 |  4.1
Evocations     | 1 |  1.0
Fighting       | |  0.2
Summonings     | |  1.1
Translocations | |  1.1
Fire Magic     | |  0.5

Action                   |  1- 3 |  4- 6 |  7- 9 || total
-------------------------+-------+-------+-------++-------
Melee: Unarmed           |       |     8 |       ||     8
 Cast: Magic Dart        |   100 |   169 |   369 ||   638
       Conjure Flame     |       |     1 |    27 ||    28
       Fulminant Prism   |       |       |     3 ||     3
       Force Lance       |       |       |     2 ||     2
       Mephitic Cloud    |       |       |     1 ||     1
       Blink             |       |       |     1 ||     1
Evoke: Wand              |       |     3 |     7 ||    10
  Eat: Chunk             |       |     7 |     8 ||    15
       Ration            |       |       |     1 ||     1
Armor: Robe              |     4 |     5 |     5 ||    14
Dodge: Dodged            |    20 |    16 |    28 ||    64
